MLB
HOUSTON ASTROS @ CALIFORNIA ANGELS
09/08/2047
 
TOP OF THE 1ST
Houston Astros batting - Pitching for California Angels : LHP Steve Cooper
Pitching: LHP Steve Cooper
Batting: RHB Jeremy Trump 0-0: Called Strike
0-1: Swinging Strike
0-2: Ball
1-2: Foul Ball, location: 2F
1-2: Ball
2-2: Foul Ball, location: 2F
2-2: Ball
3-2: Base on Balls
Batting: SHB Joe Gardner 0-0: Ball
1-0: Ball
Jeremy Trump steals 2nd base
2-0: Foul Ball, location: 2F
2-1: Ball
3-1: Foul Ball, location: 2F
3-2: Strikes out swinging
Batting: RHB Josh Froyd 0-0: Foul Ball, location: 2F
0-1: Swinging Strike
0-2: Ball
1-2: Ball
2-2: Ball
3-2: Strikes out looking
Batting: RHB Chris Lane 0-0: Ball
1-0: Ball
2-0: Foul Ball, location: 2F
2-1: Ball
3-1: Base on Balls
Batting: RHB Eric Chotkowski 0-0: Ball
1-0: Swinging Strike
1-1: SINGLE (Groundball, 6D, EV 98.8 MPH)
Jeremy Trump to third
Chris Lane to second
Runner from 3rd tries for Home, SAFE, throw by CF to home
Batting: SHB Troy Kenyon 0-0: Ball
1-0: DOUBLE (Line Drive, 89D, EV 110.0 MPH)
Chris Lane scores
Eric Chotkowski to third
Batting: LHB Bryce Hill 0-0: Ball
1-0: Foul Ball, location: 2F
1-1: Ground out 4-3 (Groundball, 4, EV 86.9 MPH)
Top of the 1st over - 2 runs, 2 hits, 0 errors, 2 left on base; Houston 2 - California 0
BOTTOM OF THE 1ST
California Angels batting - Pitching for Houston Astros : LHP Mat Pear
Pitching: LHP Mat Pear
Batting: LHB Rusty Ney 0-0: Called Strike
0-1: Swinging Strike
0-2: Ball
1-2: Ball
2-2: Foul Ball, location: 2F
2-2: Ground out 4-3 (Groundball, 4, EV 99.4 MPH)
Batting: RHB Mike Harkins 0-0: Fly out, F8 (Flyball, 8RXD, EV 96.2 MPH)
Batting: RHB Alain Delhaye 0-0: Ball
1-0: SINGLE (Line Drive, 89S, EV 110.6 MPH)
Batting: RHB Luis Romero 0-0: Called Strike
0-1: Foul Ball, location: 2F
0-2: Ground out 4-3 (Groundball, 34, EV 89.4 MPH)
Bottom of the 1st over - 0 runs, 1 hit, 0 errors, 1 left on base; Houston 2 - California 0
TOP OF THE 2ND
Houston Astros batting - Pitching for California Angels : LHP Steve Cooper
Batting: LHB Jim Keefe 0-0: Ground out 4-3 (Groundball, 4, EV 78.1 MPH)
Batting: LHB Shigeru Ono 0-0: Ball
1-0: Ball
2-0: Ball
3-0: Swinging Strike
3-1: Called Strike
3-2: Base on Balls
Batting: RHB Jeremy Trump 0-0: Ball
1-0: Called Strike
1-1: Ball
2-1: Foul Ball, location: 2F
2-2: Strikes out swinging
Batting: SHB Joe Gardner 0-0: Called Strike
0-1: Swinging Strike
0-2: Foul Ball, location: 2F
0-2: Ball
1-2: Ball
2-2: Ball
3-2: Strikes out swinging
Top of the 2nd over - 0 runs, 0 hits, 0 errors, 1 left on base; Houston 2 - California 0
BOTTOM OF THE 2ND
California Angels batting - Pitching for Houston Astros : LHP Mat Pear
Batting: RHB Avery Maxwell 0-0: Swinging Strike
0-1: Ball
1-1: Called Strike
1-2: DOUBLE (Line Drive, 78D, EV 102.5 MPH)
Batting: LHB Javier Trujillo 0-0: Ball
1-0: Ball
2-0: Called Strike
2-1: Called Strike
2-2: Foul Ball, location: 2F
2-2: Foul Ball, location: 2F
2-2: Strikes out looking
Batting: LHB Micah Miller 0-0: Ball
1-0: Fly out, F8 (Flyball, 8RD, EV 97.5 MPH)
Batting: SHB Johnny Stables 0-0: Called Strike
0-1: Ball
1-1: Foul Ball, location: 2F
1-2: Ball
2-2: Ball
3-2: Strikes out swinging
Bottom of the 2nd over - 0 runs, 1 hit, 0 errors, 1 left on base; Houston 2 - California 0
TOP OF THE 3RD
Houston Astros batting - Pitching for California Angels : LHP Steve Cooper
Batting: RHB Josh Froyd 0-0: Fly out, F8 (Flyball, 8RM, EV 85.0 MPH)
Batting: RHB Chris Lane 0-0: Ball
1-0: Ball
2-0: Called Strike
2-1: SINGLE (Groundball, 34D, EV 98.1 MPH)
Batting: RHB Eric Chotkowski 0-0: Fly out, F7 (Flyball, 7, EV 96.2 MPH)
Batting: SHB Troy Kenyon 0-0: Ball
1-0: Ball
2-0: Ball
3-0: Called Strike
3-1: Foul Ball, location: 2F
3-2: Strikes out looking
Top of the 3rd over - 0 runs, 1 hit, 0 errors, 1 left on base; Houston 2 - California 0
BOTTOM OF THE 3RD
California Angels batting - Pitching for Houston Astros : LHP Mat Pear
Batting: LHB Jack Bell 0-0: Foul Ball, location: 2F
0-1: Swinging Strike
0-2: Ball
1-2: Strikes out looking
Batting: LHB Rusty Ney 0-0: Ball
1-0: Called Strike
1-1: Called Strike
1-2: Ball
2-2: Ball
3-2: Ground out 6-3 (Groundball, 6, EV 99.4 MPH)
Batting: RHB Mike Harkins 0-0: Ball
1-0: Called Strike
1-1: Called Strike
1-2: Ball
2-2: Ball
3-2: Ground out 5-3 (Groundball, 56S, EV 67.5 MPH)
Bottom of the 3rd over - 0 runs, 0 hits, 0 errors, 0 left on base; Houston 2 - California 0
TOP OF THE 4TH
Houston Astros batting - Pitching for California Angels : LHP Steve Cooper
Batting: LHB Bryce Hill 0-0: Ball
1-0: Swinging Strike
1-1: Swinging Strike
1-2: Ground out 5-3 (Groundball, 56S, EV 76.2 MPH)
Batting: LHB Jim Keefe 0-0: Ball
1-0: Ball
2-0: Ground out U3 (Groundball, 3, EV 110.0 MPH)
Batting: LHB Shigeru Ono 0-0: Ball
1-0: Ball
2-0: Swinging Strike
2-1: Ball
3-1: Foul Ball, location: 2F
3-2: SINGLE (Groundball, 6, EV 98.1 MPH)
Batting: RHB Jeremy Trump 0-0: Ball
1-0: Foul Ball, location: 2F
1-1: Ground out 6-3 (Groundball, 6S, EV 85.0 MPH)
Top of the 4th over - 0 runs, 1 hit, 0 errors, 1 left on base; Houston 2 - California 0
BOTTOM OF THE 4TH
California Angels batting - Pitching for Houston Astros : LHP Mat Pear
Batting: RHB Alain Delhaye 0-0: Called Strike
0-1: Ball
1-1: Ball
2-1: Swinging Strike
2-2: Foul Ball, location: 2F
2-2: Foul Ball, location: 2F
2-2: Strikes out swinging
Batting: RHB Luis Romero 0-0: Called Strike
0-1: Called Strike
0-2: Ball
1-2: Ball
2-2: Strikes out swinging
Batting: RHB Avery Maxwell 0-0: Ball
1-0: Ball
2-0: Fly out, F9 (Flyball, 9D, EV 91.9 MPH)
Bottom of the 4th over - 0 runs, 0 hits, 0 errors, 0 left on base; Houston 2 - California 0
TOP OF THE 5TH
Houston Astros batting - Pitching for California Angels : LHP Steve Cooper
Batting: SHB Joe Gardner 0-0: Ball
1-0: SINGLE (Groundball, 56, EV 106.2 MPH)
Batting: RHB Josh Froyd 0-0: Called Strike
0-1: Ball
1-1: SINGLE (Groundball, 34, EV 103.8 MPH)
Joe Gardner to second
Runner from 2nd tries for 3rd, SAFE, throw by RF made to third
Batting: RHB Chris Lane 0-0: Ball
1-0: Ball
2-0: Foul Ball, location: 2F
2-1: Ball
3-1: DOUBLE (Line Drive, 89D, EV 106.9 MPH)
Joe Gardner scores
Josh Froyd to third
Runner from 3rd tries for Home, SAFE, throw by CF to home
Batting: RHB Eric Chotkowski 0-0: Ball
1-0: Foul Ball, location: 2F
1-1: Swinging Strike
1-2: 2-RUN HOME RUN (Line Drive, 8LXD, EV 108.8 MPH), Distance : 436 ft
Pitching: RHP Joe Butler
Batting: SHB Troy Kenyon 0-0: Called Strike
0-1: Foul Ball, location: 2F
0-2: Ball
1-2: SINGLE (Line Drive, 8RS, EV 99.4 MPH)
Batting: LHB Bryce Hill 0-0: Foul Ball, location: 2F
0-1: Ball
1-1: Ball
2-1: Called Strike
2-2: Ball
3-2: Strikes out swinging
Batting: LHB Jim Keefe 0-0: Ball
1-0: Called Strike
1-1: Grounds into double play, 1-4-3 (Groundball, 25, EV 63.8 MPH)
Top of the 5th over - 4 runs, 5 hits, 0 errors, 0 left on base; Houston 6 - California 0
BOTTOM OF THE 5TH
California Angels batting - Pitching for Houston Astros : LHP Mat Pear
Batting: LHB Javier Trujillo 0-0: Called Strike
0-1: Called Strike
0-2: Ball
1-2: Ball
2-2: Ball
3-2: Base on Balls
Batting: LHB Micah Miller 0-0: Called Strike
0-1: Called Strike
0-2: Foul Ball, location: 2F
0-2: Fly out, F8 (Flyball, 8RXD, EV 96.9 MPH)
Batting: SHB Johnny Stables 0-0: Ball
1-0: Called Strike
1-1: Ball
Javier Trujillo steals 2nd base
2-1: Foul Ball, location: 2F
2-2: Foul Ball, location: 2F
2-2: Fly out, F3 (Popup, 3SF, EV 71.9 MPH)
Batting: LHB Jack Bell 0-0: Called Strike
0-1: SINGLE (Groundball, 23, EV 72.5 MPH) (infield hit)
Javier Trujillo to third
Batting: LHB Rusty Ney 0-0: Foul Ball, location: 2F
0-1: Fly out, F8 (Flyball, 8RM, EV 93.1 MPH)
Bottom of the 5th over - 0 runs, 1 hit, 0 errors, 2 left on base; Houston 6 - California 0
TOP OF THE 6TH
Houston Astros batting - Pitching for California Angels : RHP Joe Butler
Batting: LHB Shigeru Ono 0-0: Ground out 2-3 (Groundball, 2R, EV 65.6 MPH)
Batting: RHB Jeremy Trump 0-0: Called Strike
0-1: Ball
1-1: Ground out 5-3 (Groundball, 5, EV 86.2 MPH)
Batting: SHB Joe Gardner 0-0: SOLO HOME RUN (Flyball, 9LD, EV 94.4 MPH), Distance : 341 ft
Batting: RHB Josh Froyd 0-0: Called Strike
0-1: Foul Ball, location: 2F
0-2: SINGLE (Groundball, 5S, EV 68.1 MPH) (infield hit)
Batting: RHB Chris Lane 0-0: Ball
1-0: Ball
2-0: Called Strike
2-1: Foul Ball, location: 2F
2-2: Ball
3-2: Base on Balls
Josh Froyd to second
Batting: RHB Eric Chotkowski 0-0: Called Strike
0-1: Swinging Strike
0-2: Strikes out swinging
Top of the 6th over - 1 run, 2 hits, 0 errors, 2 left on base; Houston 7 - California 0
BOTTOM OF THE 6TH
California Angels batting - Pitching for Houston Astros : LHP Mat Pear
Batting: RHB Mike Harkins 0-0: Ball
1-0: Swinging Strike
1-1: Ground out 6-3 (Groundball, 6, EV 104.4 MPH)
Batting: RHB Alain Delhaye 0-0: Ground out 5-3 (Groundball, 56, EV 86.2 MPH)
Batting: RHB Luis Romero 0-0: Called Strike
0-1: Swinging Strike
0-2: Foul Ball, location: 2F
0-2: Ball
1-2: Ground out 6-3 (Groundball, 6, EV 80.0 MPH)
Bottom of the 6th over - 0 runs, 0 hits, 0 errors, 0 left on base; Houston 7 - California 0
TOP OF THE 7TH
Houston Astros batting - Pitching for California Angels : RHP Joe Butler
Batting: SHB Troy Kenyon 0-0: Ball
1-0: Ball
2-0: Ball
3-0: Base on Balls
Pitching: LHP Joel Campbell
Batting: LHB Bryce Hill 0-0: Ball
1-0: Ball
2-0: Called Strike
2-1: Swinging Strike
2-2: Strikes out swinging
Batting: LHB Jim Keefe 0-0: Ball
1-0: Called Strike
1-1: Foul Ball, location: 2F
1-2: Strikes out swinging
Batting: LHB Shigeru Ono 0-0: Called Strike
0-1: Ground out U3 (Groundball, 34S, EV 92.5 MPH)
Top of the 7th over - 0 runs, 0 hits, 0 errors, 1 left on base; Houston 7 - California 0
BOTTOM OF THE 7TH
California Angels batting - Pitching for Houston Astros : LHP Mat Pear
Batting: RHB Avery Maxwell 0-0: Ground out 5-3 (Groundball, 56S, EV 67.5 MPH)
Batting: LHB Javier Trujillo 0-0: Called Strike
0-1: Ball
1-1: Ball
2-1: Ball
3-1: Ground out 5-3 (Groundball, 5, EV 79.4 MPH)
Batting: LHB Micah Miller 0-0: Called Strike
0-1: Ball
1-1: Fly out, F7 (Flyball, 7LSF, EV 83.8 MPH)
Bottom of the 7th over - 0 runs, 0 hits, 0 errors, 0 left on base; Houston 7 - California 0
TOP OF THE 8TH
Houston Astros batting - Pitching for California Angels : LHP Joel Campbell
Batting: RHB Jeremy Trump 0-0: Called Strike
0-1: SINGLE (Groundball, 6D, EV 108.8 MPH)
Batting: SHB Joe Gardner 0-0: Foul Ball, location: 2F
0-1: Ball
1-1: Foul Ball, location: 2F
1-2: Strikes out looking
Batting: RHB Josh Froyd 0-0: Ball
Jeremy Trump steals 2nd base
1-0: Swinging Strike
1-1: Fly out, F8 (Flyball, 8LD, EV 105.6 MPH)
Batting: RHB Chris Lane 0-0: Ground out 5-3 (Groundball, 56S, EV 70.6 MPH)
Top of the 8th over - 0 runs, 1 hit, 0 errors, 1 left on base; Houston 7 - California 0
BOTTOM OF THE 8TH
California Angels batting - Pitching for Houston Astros : LHP Mat Pear
Batting: SHB Johnny Stables 0-0: Ground out 4-3 (Groundball, 4M, EV 88.8 MPH)
Pinch Hitting: RHB Bjoern Waltersson 0-0: Ball
1-0: Foul Ball, location: 2F
1-1: Ball
2-1: DOUBLE (Flyball, 7LD, EV 96.9 MPH)
Batting: LHB Rusty Ney 0-0: Ball
1-0: Foul Ball, location: 2F
1-1: Ground out 1-3 (Groundball, 13S, EV 71.2 MPH)
Bjoern Waltersson to third
Pitching: RHP Mike Hurst
Batting: RHB Mike Harkins 0-0: Ball
1-0: Foul Ball, location: 2F
1-1: Foul Ball, location: 2F
1-2: Foul Ball, location: 2F
1-2: Ball
2-2: Ball
3-2: Base on Balls
Batting: RHB Alain Delhaye 0-0: Ball
1-0: Ball
2-0: Ball
3-0: Base on Balls
Mike Harkins to second
Batting: RHB Luis Romero 0-0: Foul Ball, location: 2F
0-1: Ball
1-1: Ball
2-1: Ball
3-1: Called Strike
3-2: Foul Ball, location: 2F
3-2: Foul Ball, location: 2F
3-2: Strikes out swinging
Bottom of the 8th over - 0 runs, 1 hit, 0 errors, 3 left on base; Houston 7 - California 0
TOP OF THE 9TH
Houston Astros batting - Pitching for California Angels : LHP Joel Campbell
Pitching: RHP Dave Jackson
Now in CF: Bjoern Waltersson
Batting: RHB Eric Chotkowski 0-0: Swinging Strike
0-1: Ball
1-1: Fly out, F8 (Flyball, 8RXD, EV 83.1 MPH)
Batting: SHB Troy Kenyon 0-0: Swinging Strike
0-1: Ball
1-1: Foul Ball, location: 2F
1-2: Ball
2-2: Ball
3-2: Fly out, F7 (Line Drive, 7, EV 92.5 MPH)
Batting: LHB Bryce Hill 0-0: Called Strike
0-1: SINGLE (Line Drive, 34, EV 100.0 MPH)
Batting: LHB Jim Keefe 0-0: Ball
1-0: Fly out, F7 (Flyball, 78S, EV 81.2 MPH)
Top of the 9th over - 0 runs, 1 hit, 0 errors, 1 left on base; Houston 7 - California 0
BOTTOM OF THE 9TH
California Angels batting - Pitching for Houston Astros : RHP Mike Hurst
Batting: RHB Avery Maxwell 0-0: Swinging Strike
0-1: Swinging Strike
0-2: Strikes out swinging
Batting: LHB Javier Trujillo 0-0: Foul Ball, location: 2F
0-1: Swinging Strike
0-2: Ball
1-2: Ball
2-2: Ball
3-2: Strikes out swinging
Batting: LHB Micah Miller 0-0: Foul Ball, location: 2F
0-1: Swinging Strike
0-2: Ball
1-2: Foul Ball, location: 2F
1-2: Foul Ball, location: 2F
1-2: Ground out 4-3 (Groundball, 4, EV 87.5 MPH)
Bottom of the 9th over - 0 runs, 0 hits, 0 errors, 0 left on base; Houston 7 - California 0
Thursday, December 15th , 2022 - OOTP Baseball 23.9 Build 102